 Dungeon Crawl Stone Soup version 0.25.0-11-g1f837a76a1 (webtiles) character file.

Game seed: 258742459214113484

1642 xccam the Slicer (level 8, -8/45 HPs)
             Began as a Tengu Assassin on June 25, 2020.
             Killed by divine providence
             ... invoked by an orc priest
              (16 damage)
             ... on level 8 of the Dungeon.
             The game lasted 00:08:28 (6931 turns).

xccam the Slicer (Tengu Assassin)                   Turns: 6931, Time: 00:08:29

Health: -8/45      AC:  8    Str: 12    XL:     8   Next: 99%
Magic:  18/18      EV: 11    Int: 13    God:
Gold:   322        SH:  0    Dex: 18    Spells: 7/7 levels left

rFire    . . .     SeeInvis .   q - +2 short sword (venom)
rCold    . . .     Gourm    .   (no shield)
rNeg     . . .     Faith    .   a - +0 scale mail
rPois    +         Spirit   .   (helmet restricted)
rElec    .         Reflect  .   c - +0 cloak
rCorr    .         Harm     .   h - +0 pair of gloves (curse)
MR       .....                  (boots unavailable)
Stlth    +.........             (no amulet)
HPRegen  0.15/turn              s - ring of Zirhuloj {rPois Dex+2}
MPRegen  0.16/turn              H - ring of magical power

@: flying quickly and evasively, quick
A: beak, talons 3, able to fly
a: Stop Flying


You were on level 8 of the Dungeon.
You were hungry.

You visited 2 branches of the dungeon, and saw 9 of its levels.

You collected 322 gold pieces.

Inventory:

Hand Weapons
 q - a +2 short sword of venom (weapon)
Missiles
 d - 28 poisoned darts (quivered)
 e - 2 curare-tipped darts
 g - 5 silver boomerangs
Armour
 a - a +0 scale mail (worn)
 c - a +0 cloak (worn)
 h - a cursed +0 pair of gloves (worn)
Jewellery
 j - an uncursed ring of fire
 s - the ring of Zirhuloj (left hand) {rPois Dex+2}
   (You found it on level 4 of the Dungeon)

   [ring of poison resistance]

   It affects your dexterity (+2).
   It protects you from poison.
 y - an uncursed ring of ice
 A - an uncursed ring of wizardry
 D - an uncursed ring of fire
 F - an uncursed ring of resist corrosion
 H - a ring of magical power (right hand)
Wands
 C - a wand of random effects (19)
 E - a wand of polymorph (5)
Scrolls
 i - 6 scrolls of identify {unknown}
 l - 7 scrolls of remove curse {unknown}
 m - 4 scrolls of amnesia {unknown}
 o - a scroll of fear {unknown}
 r - a scroll of blinking {unknown}
 w - 2 scrolls of teleportation {unknown}
 x - 2 scrolls of enchant armour {unknown}
 B - a scroll of magic mapping {unknown}
Potions
 b - 3 potions of flight {unknown}
 k - a potion of degeneration {unknown}
 n - a potion of cancellation {unknown}
 p - 3 potions of heal wounds {unknown}
 t - a potion of resistance {unknown}
 u - 2 potions of magic {unknown}
 v - a potion of haste {unknown}
 G - a potion of invisibility {unknown}
 I - a potion of mutation {unknown}
 J - a potion of brilliance {unknown}
Comestibles
 f - 19 rations


   Skills:
 + Level 2.4 Fighting
 + Level 10.1 Short Blades
 - Level 6.0 Throwing
 + Level 1.3 Armour
 + Level 2.0 Dodging
 - Level 4.0 Stealth


You had 7 spell levels left.
You didn't know any spells.
Your spell library was empty.

Dungeon Overview and Level Annotations

Branches:
Dungeon (8/15)             Temple (1/1) D:4
   Lair: D:8-11

Altars:
Ashenzari
Cheibriados
Dithmenos
Elyvilon
Fedhas
Gozag
Hepliaklqana
Kikubaaqudgha
Makhleb
Nemelex Xobeh
Okawaru
Qazlal
Ru
Sif Muna
Trog
Uskayaw
Xom
Yredelemnul
Zin
The Shining One


Innate Abilities, Weirdness & Mutations

You have a beak for a mouth.
You have claws for feet.
You can fly continuously.


Message History

You puncture the slave! You claw the slave. You peck the slave.
The slave is almost dead.
The slave hits you but does no damage.
You hit the slave but do no damage. Your kick misses the slave.
You peck the slave, but do no damage.
The slave is moderately wounded.
The slave hits you but does no damage.
An orc priest comes into view. It is wielding a +0 flail.
The orc hits you but does no damage.
The orc priest shouts!
The orc priest invokes the aid of Beogh against you.
Beogh smites you!
The orc priest calls down the wrath of Beogh upon you.
Beogh smites you!
* * * LOW HITPOINT WARNING * * *
The orc priest invokes the aid of Beogh against you.
You struggle to resist.
The orc priest calls down the wrath of Beogh upon you.
Beogh smites you!
You die...

#.....p##..p......###
#......#######.......
#...op...............
#....................
#....................
#....................
#...p.............###
#.................#
#...@.............#
#.....^......[....#
###################


You could see 2 slaves and an orc priest.

Vanquished Creatures
  A water moccasin (D:7)
  A slave (D:8)
  4 ogres
  A centaur (D:7)
  A big kobold (D:7)
  A bullfrog (D:6)
  A water moccasin zombie (D:7)
  A howler monkey (D:6)
  A crimson imp (D:6)
  3 hounds
  A bullfrog zombie (D:5)
  5 orc priests
  A bullfrog skeleton (D:5)
  3 jellies
  8 worker ants
  3 orc wizards
  A worker ant zombie (D:8)
  3 adders
  A shadow imp (D:7)
  An ooze (D:3)
  5 worms
  A dart slug (D:1)
  3 leopard geckos
  21 orcs
  10 bats
  5 giant cockroaches
  12 goblins
  8 hobgoblins
  19 jackals
  2 quokkas (D:5)
  6 ball pythons
  3 frilled lizards
  9 kobolds
  6 rats
152 creatures vanquished.

Notes
Turn   | Place    | Note
-------+----------+-------------------------------------------
     0 | D:1      | xccam the Tengu Assassin began the quest for the Orb.
     0 | D:1      | Reached XP level 1. HP: 12/12 MP: 2/2
    62 | D:1      | Reached XP level 2. HP: 3/17 MP: 3/3
   252 | D:1      | Reached skill level 3 in Short Blades
   759 | D:1      | Reached XP level 3. HP: 21/21 MP: 4/4
   920 | D:1      | Reached skill level 4 in Short Blades
  1265 | D:2      | Reached XP level 4. HP: 26/26 MP: 5/5
  1792 | D:2      | Found a hazy altar of Hepliaklqana.
  1833 | D:2      | Reached skill level 5 in Short Blades
  2217 | D:3      | Gained mutation: You can fly continuously. [Tengu growth]
  2217 | D:3      | Reached XP level 5. HP: 23/30 MP: 6/6
  2776 | D:4      | Noticed an ogre
  2806 | D:4      | Killed an ogre
  2806 | D:4      | Reached skill level 6 in Short Blades
  2984 | D:4      | Found a staircase to the Ecumenical Temple.
  2986 | D:4      | Reached XP level 6. HP: 35/35 MP: 7/7
  2992 | Temple   | Entered the Ecumenical Temple
  3407 | D:4      | Found a blossoming altar of Fedhas.
  3552 | D:4      | Got a scintillating turquoise ring
  4109 | D:5      | Entered Level 5 of the Dungeon
  4263 | D:5      | Reached skill level 7 in Short Blades
  4263 | D:5      | Reached XP level 7. HP: 32/40 MP: 8/8
  4393 | D:5      | Identified the ring of Zirhuloj {rPois Dex+2} (You found it
                  | on level 4 of the Dungeon)
  4530 | D:5      | Found a white marble altar of Elyvilon.
  4862 | D:5      | You fall into a shaft and drop 1 floor!
  5028 | D:6      | Reached skill level 5 in Throwing
  5323 | D:6      | Reached skill level 8 in Short Blades
  5357 | D:6      | Reached XP level 8. HP: 44/44 MP: 9/9
  6092 | D:7      | Found a shimmering blue altar of Sif Muna.
  6120 | D:7      | Reached skill level 9 in Short Blades
  6309 | D:7      | Found a shattered altar of Ashenzari.
  6423 | D:7      | Reached skill level 10 in Short Blades
  6553 | D:7      | Reached skill level 1 in Armour
  6797 | D:8      | Noticed a +0 dagger
  6797 | D:8      | Noticed a +0 dagger
  6800 | D:8      | Found a hide-covered altar of Uskayaw.
  6931 | D:8      | Killed from afar by an orc priest

Illustrated notes

Levels and vault maps discovered:
D:1:      scummos_arrival_forest, layout_basic
D:2:      minmay_wonky_spiral, layout_loops_ring, lemuel_round_altar,
          first_ration
D:3:      layout_rooms, minmay_misc_feat_secret_circle
D:4:      layout_loops_ring, lemuel_coloured_pillars_altar, temple_green
D:5:      layout_loops_cross, kennysheep_little_box
D:6:      layout_gridville
D:7:      layout_rooms, nicolae_overflow_crystal_walls, basic_altar
D:8:      layout_gridville, dancing_weapons_uskayaw, grunt_temple_overflow_open,
          uniq_pikel, uniq_joseph, uniq_erica
Temple:   jpeg_temple_clearing

Skill      XL: |  1  2  3  4  5  6  7  8 |
---------------+-------------------------+-----
Short Blades   | 3 4 5 6 7 8 10 | 10.1
Throwing       | 3 5 6 |  6.0
Armour         | 1 |  1.3
Dodging        | 2 |  2.0
Fighting       | |  2.4
Stealth        | |  4.0

Action                   |  1- 3 |  4- 6 |  7- 9 || total
-------------------------+-------+-------+-------++-------
Melee: Dagger            |    77 |    41 |       ||   118
       Kick              |    14 |    25 |    55 ||    94
       Peck              |     9 |    15 |    46 ||    70
       Short sword       |       |    68 |   211 ||   279
Throw: Dart              |       |     3 |    14 ||    17
 Abil: Fly               |       |       |     1 ||     1
 Stab: Sleeping          |    11 |     5 |     3 ||    19
       Distracted        |       |       |     1 ||     1
  Eat: Chunk             |     1 |     9 |     8 ||    18
Armor: Robe              |    18 |    11 |       ||    29
       Scale mail        |       |    10 |    81 ||    91
Dodge: Dodged            |    38 |    39 |    63 ||   140
